 Dungeon Crawl Stone Soup version 0.29.1-12-g30fa7ad0bf (webtiles) character file.

Game seed: 17367849940728236275

12486 Gabide the Fighter (level 12, -13/105 HPs)
             Began as a Formicid Berserker on Dec 17, 2022.
             Was an Elder of Trog.
             Mangled by Erolcha
             ... wielding a +11 giant spiked club
              (32 damage)
             ... on level 12 of the Dungeon.
             The game lasted 00:23:02 (13257 turns).

Gabide the Fighter (Formicid Berserker)            Turns: 13257, Time: 00:23:03

Health: -13/105    AC: 11    Str: 32    XL:     12   Next: 20%
Magic:  12/12      EV: 12    Int:  8    God:    Trog [****..]
Gold:   683        SH:  0    Dex: 13    Spells: 11/11 levels left

rFire   . . .      SeeInvis +   E - +0 giant spiked club (flame)
rCold   . . .      Faith    .   (shield currently unavailable)
rNeg    . . .      Spirit   .   c - +0 chain mail
rPois   .          Reflect  .   (helmet unavailable)
rElec   .          Harm     .   u - +0 cloak
rCorr   .          Rampage  .   n - +0 pair of gloves
Will    ++++.                   (no boots)
Stlth   ..........              s - amulet of magic regeneration
HPRegen 1.27/turn               v - ring of willpower
MPRegen 0.53/turn               t - +6 ring of strength

@: strong-willed, regenerating
A: permanent stasis, dig shafts and tunnels, antennae 3, four strong arms
a: Dig, Shaft Self, Renounce Religion, Trog's Hand, Brothers in Arms


You were on level 12 of the Dungeon.
You worshipped Trog.
Trog was greatly pleased with you.
You visited 1 branch of the dungeon, and saw 12 of its levels.
You visited the Abyss 1 time.
You also visited: Bailey.

You collected 870 gold pieces.
You spent 187 gold pieces at shops.

Inventory:

Hand Weapons
 o - a +2 whip of electrocution
 D - a +4 flail of protection
 E - a +0 giant spiked club of flaming (weapon)
Missiles
 e - 4 curare-tipped darts
 i - a throwing net
 w - a silver javelin
 M - 4 boomerangs
Armour
 c - a +0 chain mail (worn)
 n - a +0 pair of gloves (worn)
 u - a +0 cloak (worn)
 y - a +2 leather armour of cold resistance
Jewellery
 p - a ring of flight
 s - an amulet of magic regeneration (around neck)
 t - a +6 ring of strength (right hand)
 v - a ring of willpower (left hand)
 C - a ring of magical power
 F - a ring of positive energy
 G - a +6 ring of intelligence
 O - an amulet of reflection
Wands
 a - a wand of iceblast (1)
 j - a wand of flame (6)
Scrolls
 d - a scroll of brand weapon
 f - 6 scrolls of vulnerability
 k - 2 scrolls of fear {unknown}
 m - a scroll of noise {unknown}
 B - 4 scrolls of enchant weapon
 L - a scroll of magic mapping {unknown}
Potions
 b - 3 potions of curing
 g - 4 potions of ambrosia
 h - a potion of lignification {unknown}
 l - 3 potions of flight
 q - 4 potions of heal wounds
 r - 6 potions of haste {unknown}
 x - 2 potions of attraction {unknown}
 z - 2 potions of magic {unknown}
 A - 6 potions of mutation
 H - 5 potions of might
 I - a potion of cancellation {unknown}
 J - a potion of experience {unknown}
 K - 2 potions of brilliance {unknown}
 N - a potion of resistance {unknown}
 P - a potion of berserk rage {unknown}


   Skills:
 + Level 13.0 Fighting
 + Level 12.8 Maces & Flails
 - Level 3.0 Armour
 + Level 7.4 Dodging


You had 11 spell levels left.
You didn't know any spells.
Your spell library was empty.

Dungeon Overview and Level Annotations

Branches:
Dungeon (13/15)            Temple (0/1) D:4          Bailey (visited)
   Lair: D:8-11         Orc: D:9-12      Vaults: D:13-14

Altars:
Ashenzari
Elyvilon
Hepliaklqana
Sif Muna
Trog
Xom
Zin

Shops:
D:2 (   D:4 *

Annotations:
D:3 2 transporters
D:12 Erolcha


Innate Abilities, Weirdness & Mutations

You cannot be hasted, slowed, berserked, paralysed or teleported.
You can dig through walls and to a lower floor.
You have a pair of large antennae on your head. (SInv)
Your four strong arms can wield two-handed weapons with a shield.


Message History

You barely miss the yak. The yak closely misses you.
The orc warrior hits you from afar with a +0 trident.
You barely miss the yak.
Erolcha tries to grin evilly.
The yak gores you but does no damage.
The orc warrior hits you from afar with a +0 trident!
You perforate the yak like a sieve!!! You burn the yak.
You kill the yak!
Trog accepts your kill. The orc warrior closely misses you.
Your Fighting skill increases to level 13!
You hit the orc. You burn the orc.
The orc is heavily wounded.
The orc barely misses you. The orc warrior barely misses you.
You barely miss the orc.
The orc is heavily wounded.
The orc hits you but does no damage. The orc warrior closely misses you.
You flatten the orc like a pancake!!! You burn the orc.
You kill the orc!
Trog accepts your kill. The orc warrior closely misses you.
The orc warrior misses you.
Erolcha hits you with a +11 giant spiked club!!
You closely miss Erolcha.
The orc warrior hits you from afar with a +0 trident.
You barely miss Erolcha.
Erolcha hits you with a +11 giant spiked club!!
* * * LOW HITPOINT WARNING * * *
The orc warrior throws a boomerang.
The boomerang hits Erolcha!
You hit Erolcha. You burn Erolcha.
Erolcha is moderately wounded.
Erolcha barely misses you.
The orc warrior hits you from afar with a +0 trident.
* * * LOW HITPOINT WARNING * * *
Okay, then.
Unknown command.
You feel much better.
The orc warrior hits you from afar with a +0 trident.
* * * LOW HITPOINT WARNING * * *
Erolcha hits you with a +11 giant spiked club!!
You die...

#. ....# #..
....# # #..
....#.. #..
....... #.#
....... #.#
.o.....
#.##Oo.....
#..@# ###.#.#
###...#...
###.#####.#
#.__>.#......#.#
#.__..##.###.# .
#___._##.# ##
..__.##.#
K{_..##.#


You could see Erolcha (invisible), an orc warrior and an orc.

Vanquished Creatures
  A centaur warrior (D:13)
  2 two-headed ogres
  A thrashing horror (Abyss:1)
  Sonja (D:13)
  Pikel (D:4)
  A large abomination (Abyss:1)
  Maurice (D:9)
  Joseph (D:9)
  A hornet (D:8)
  Prince Ribbit (D:9)
  Grinder (D:4)
  Eustachio (D:4)
  10 yaks
  A wraith (D:9)
  A wyvern (D:5)
  A steam dragon (D:8)
  Menkaure (D:6)
  Edmund (D:5)
  A water moccasin (D:9)
  The ghost of Linkola the Magician, an amateur DEAE (D:4)
  4 orc warriors
  2 ice beasts (D:7)
  2 sky beasts (D:7)
  2 black bears
  2 ogres
  4 centaurs
  2 kobold brigands
  A phantom (D:6)
  2 necrophages
  4 bullfrogs
  2 scorpions
  A gnoll sergeant (D:13)
  16 wights
  2 howler monkeys (D:10)
  Crazy Yiuf (D:4)
  3 hounds
  A gnoll bouda (D:7)
  6 orc priests
  3 jellies
  5 iguanas
  8 orc wizards
  21 gnolls
  6 adders
  3 shadow imps
  A white imp (D:6)
  An ufetubus (D:5)
  2 worms
  4 dart slugs
  39 orcs
  5 ball pythons
  7 endoplasms
  7 giant cockroaches
  11 goblins
  6 hobgoblins
  5 jackals
  5 quokkas
  A bat (D:1)
  4 frilled lizards
  16 kobolds
  9 rats
256 creatures vanquished.

Vanquished Creatures (collateral kills)
  A thrashing horror (Abyss:1)
  2 vampire mosquitoes (D:12)
  2 orcs (Bailey)
5 creatures vanquished.

Vanquished Creatures (others)
  An orc wizard (D:8)
1 creature vanquished.

Grand Total: 262 creatures vanquished

Notes
Turn   | Place    | Note
-------+----------+-------------------------------------------
     0 | D:1      | Gabide the Formicid Berserker began the quest for the Orb.
     0 | D:1      | Reached XP level 1. HP: 18/18 MP: 1/1
   141 | D:1      | Reached XP level 2. HP: 16/24 MP: 2/2
   473 | D:1      | Reached XP level 3. HP: 30/30 MP: 3/3
   500 | D:1      | Reached skill level 4 in Fighting
   588 | D:1      | Reached ** piety under Trog
   894 | D:2      | Found Jiaddul's Antique Weapon Emporium.
   906 | D:2      | Found a hazy altar of Hepliaklqana.
  1349 | D:2      | Reached XP level 4. HP: 37/37 MP: 4/4
  1944 | D:3      | Found a transporter.
  2074 | D:3      | Found a transporter.
  2140 | D:3      | Found a faded altar of an unknown god.
  2167 | D:3      | Reached *** piety under Trog
  2168 | D:3      | Reached XP level 5. HP: 30/42 MP: 5/5
  2972 | D:4      | Noticed Grinder
  2990 | D:4      | Killed Grinder
  2991 | D:4      | Reached skill level 5 in Fighting
  2991 | D:4      | Reached skill level 5 in Maces & Flails
  2991 | D:4      | Reached XP level 6. HP: 29/51 MP: 6/6
  3162 | D:4      | Reached XP level 7. HP: 53/56 MP: 7/7
  3202 | D:4      | Noticed Pikel
  3222 | D:4      | Killed Pikel
  3223 | D:4      | Reached skill level 6 in Fighting
  3223 | D:4      | Reached XP level 8. HP: 44/65 MP: 8/8
  3454 | D:4      | Found a staircase to the Ecumenical Temple.
  3506 | D:4      | Found a broken altar of Ashenzari.
  3675 | D:4      | Found a runed translucent gate.
  3675 | D:4      | Found a runed translucent gate.
  3675 | D:4      | Found a runed translucent gate.
  3715 | D:4      | Noticed Eustachio
  3736 | D:4      | Killed Eustachio
  3737 | D:4      | Reached skill level 7 in Fighting
  4005 | D:4      | Found Tophiq's General Store.
  4008 | D:4      | Bought a scroll of poison for 44 gold pieces
  4008 | D:4      | Bought a throwing net for 33 gold pieces
  4008 | D:4      | Bought a scroll of identify for 22 gold pieces
  4008 | D:4      | Bought a potion of heal wounds for 55 gold pieces
  4008 | D:4      | Bought a potion of curing for 33 gold pieces
  4138 | D:4      | Found a runed translucent door.
  4139 | D:4      | Noticed Crazy Yiuf
  4244 | D:4      | Identified the +0 sling of Gabide's Peril {freeze, rCorr
                  | Stlth+}
  4446 | D:4      | Noticed Linkola's ghost (amateur DEAE)
  4455 | D:4      | Killed Linkola's ghost
  4520 | D:4      | Killed Crazy Yiuf
  4666 | D:5      | Entered Level 5 of the Dungeon
  4740 | D:5      | Noticed a wyvern
  4745 | D:5      | Killed a wyvern
  4746 | D:5      | Reached skill level 8 in Fighting
  4746 | D:5      | Reached XP level 9. HP: 74/74 MP: 9/9
  4844 | D:5      | Noticed Edmund
  4861 | D:5      | Killed Edmund
  5075 | D:5      | Found a glowing silver altar of Zin.
  5109 | D:5      | Noticed a two-headed ogre
  5115 | D:5      | Killed a two-headed ogre
  5585 | D:6      | Reached skill level 9 in Fighting
  5585 | D:6      | Reached skill level 5 in Dodging
  5860 | D:6      | Reached **** piety under Trog
  6119 | D:6      | Noticed Menkaure
  6129 | D:6      | Killed Menkaure
  6130 | D:6      | Reached XP level 10. HP: 38/83 MP: 10/10
  7136 | D:7      | Reached skill level 10 in Fighting
  7613 | D:8      | Reached skill level 10 in Maces & Flails
  7794 | D:8      | Found a white marble altar of Elyvilon.
  7794 | D:8      | Found a shimmering altar of Xom.
  7795 | D:8      | Found a shimmering blue altar of Sif Muna.
  8300 | D:8      | Found a bloodstained altar of Trog.
  8855 | D:9      | Reached skill level 11 in Fighting
  8981 | D:9      | Noticed Prince Ribbit
  8999 | D:9      | Killed Prince Ribbit
  9000 | D:9      | Reached XP level 11. HP: 85/93 MP: 11/11
  9165 | D:9      | Noticed a two-headed ogre
  9171 | D:9      | Killed a two-headed ogre
  9343 | D:9      | Found a flagged portal.
  9353 | Bailey   | Entered a bailey
  9424 | Bailey   | Reached ***** piety under Trog
 10360 | D:9      | Noticed Joseph
 10381 | D:9      | Killed Joseph
 10382 | D:9      | Reached skill level 12 in Fighting
 10801 | D:9      | Noticed Maurice
 10810 | D:9      | Killed Maurice
 11093 | D:10     | Entered Level 10 of the Dungeon
 11942 | D:10     | You fall into a shaft and drop 3 floors!
 11946 | D:13     | Noticed a centaur warrior
 11960 | D:13     | Killed a centaur warrior
 12367 | D:13     | Noticed Sonja
 12375 | Abyss:1  | Cast into level 1 of the Abyss (Sonja)
 12401 | Abyss:1  | Noticed a large abomination
 12408 | Abyss:1  | Killed a large abomination
 12596 | Abyss:1  | Noticed a thrashing horror
 12602 | Abyss:1  | Noticed a thrashing horror
 12612 | Abyss:1  | Killed a thrashing horror
 12622 | Abyss:1  | Killed a thrashing horror
 12623 | Abyss:1  | Reached XP level 12. HP: 46/103 MP: 12/12
 12625 | D:13     | Escaped the Abyss
 12626 | D:13     | Killed Sonja
 13202 | D:12     | Found a shimmering altar of Xom.
 13203 | D:12     | Found a shimmering altar of Xom.
 13204 | D:12     | Found a shimmering altar of Xom.
 13204 | D:12     | Found a shimmering altar of Xom.
 13205 | D:12     | Found a shimmering altar of Xom.
 13205 | D:12     | Found a shimmering altar of Xom.
 13205 | D:12     | Found a shimmering altar of Xom.
 13205 | D:12     | Found a shimmering altar of Xom.
 13206 | D:12     | Found a shimmering altar of Xom.
 13206 | D:12     | Found a shimmering altar of Xom.
 13207 | D:12     | Found a shimmering altar of Xom.
 13207 | D:12     | Found a shimmering altar of Xom.
 13231 | D:12     | Noticed Erolcha
 13251 | D:12     | Reached skill level 13 in Fighting
 13257 | D:12     | Mangled by Erolcha

Illustrated notes

Levels and vault maps discovered:
D:1:      wheals_arrival_shading, layout_rooms
D:2:      layout_basic, serial_shops, shop, basic_altar
D:3:      gammafunk_steamed_eel, layout_loops_corners,
          hellmonk_ecumenical_altar_lost_god, chequers_serial_rivers_micro_a
D:4:      layout_loops_corners, evilmike_ruin_ashenzari,
          minmay_temple_entry_glass, ebering_ghost_rock_garden, serial_shops,
          nicolae_shop_behind_doors, kennysheep_generic_room_7, uniq_pikel,
          uniq_eustachio, uniq_grinder, uniq_crazy_yiuf_cottage
D:5:      cheibrodos_iron_armory, layout_loops_ring,
          mainiacjoe_overflow_catwalk, uniq_edmund
D:6:      layout_loops_ring, minmay_holes, uniq_menkaure
D:7:      layout_rooms, nicolae_hexahallways
D:8:      layout_loops_ring, gammafunk_temple_overflow_claw,
          trog_ov_bears_minmay
D:9:      layout_loops_corners, enter_bailey_3, uniq_joseph, uniq_maurice,
          uniq_prince_ribbit1
D:10:     layout_loops_ring, david_orc_5, david_defended_altar_orc
D:12:     layout_basic, nicolae_trove_entry_crystal, serial_corexii_hall,
          chequers_hall_statues_y, chequers_hall_statues_wall_a,
          corexii_hall_statues_l, xom_shifter_show, uniq_erolcha
D:13:     layout_cave_pools, special_room [special_room_orc], uniq_sonja

Skill      XL: |  1  2  3  4  5  6  7  8  9 10 11 12 |
---------------+-------------------------------------+-----
Armour         | 3 |  3.0
Dodging        | 2 3 4 5 6 7 |  7.4
Fighting       | 4 5 6 8 9 11 12 13 | 13.0
Maces & Flails | 4 5 6 7 9 10 12 | 12.8

Action                   |  1- 3 |  4- 6 |  7- 9 | 10-12 || total
-------------------------+-------+-------+-------+-------++-------
Melee: Mace              |   112 |     3 |       |       ||   115
       Whip              |       |   126 |   127 |       ||   253
       Punch             |       |     2 |     1 |    10 ||    13
       Flail             |       |       |    45 |   470 ||   515
       Giant spiked club |       |       |     7 |    45 ||    52
Throw: Throwing net      |       |       |     1 |     1 ||     2
       Javelin           |       |       |       |     3 ||     3
       Dart              |       |       |       |     1 ||     1
Invok: Trog's Hand       |       |     1 |     4 |     6 ||    11
       Brothers in Arms  |       |       |       |     3 ||     3
 Abil: Dig               |       |       |       |     4 ||     4
Evoke: Wand              |       |       |       |     2 ||     2
  Use: Scroll            |       |       |     6 |    11 ||    17
       Potion            |       |       |     1 |     4 ||     5
 Stab: Held in net/web   |       |       |       |     3 ||     3
Armor: Chain mail        |    76 |    44 |    67 |   239 ||   426
Dodge: Dodged            |    46 |    55 |    66 |   298 ||   465
